 Dungeon Crawl Stone Soup version 0.22-a0-283-g1871b15 (webtiles) character file.

23 pkoi the Shield-Bearer (level 2, -3/26 HPs)
             Began as a Minotaur Fighter on Mar 19, 2018.
             Killed from afar by an orc wizard (10 damage)
             ... with a puff of flame
             ... on level 2 of the Dungeon.
             The game lasted 00:01:17 (782 turns).

pkoi the Shield-Bearer (Minotaur Fighter)            Turns: 782, Time: 00:01:18

Health: -3/26      AC: 10    Str: 20    XL:     2   Next: 75%
Magic:  1/1        EV:  5    Int:  5    God:
Gold:   75         SH:  9    Dex:  9    Spells: 1/1 levels left

rFire    . . .     SeeInvis .   a - +0 long sword
rCold    . . .     Gourm    .   c - +0 shield
rNeg     . . .     Faith    .   j - +0 chain mail
rPois    .         Spirit   .   (helmet restricted)
rElec    .         Reflect  .   (no cloak)
rCorr    .         Harm     .   (no gloves)
MR       .....                  n - +0 pair of boots
Stlth    ..........             (no amulet)
HPRegen  0.08/turn              (no ring)
MPRegen  0.07/turn              (no ring)

@: no status effects
A: retaliatory headbutt, horns 2
a: no special abilities


You were on level 2 of the Dungeon.
You were not hungry.

You visited 1 branch of the dungeon, and saw 2 of its levels.

You collected 75 gold pieces.

Inventory:

Hand Weapons
 a - a +0 long sword (weapon)
Armour
 c - a +0 shield (worn)
 j - a +0 chain mail (worn)
 n - a +0 pair of boots (worn)
Jewellery
 q - a +2 ring of strength {unknown}
Scrolls
 e - a scroll of fog {unknown}
 h - a scroll of random uselessness {unknown}
 i - a scroll of immolation {unknown}
 l - 2 scrolls of teleportation {unknown}
 m - a scroll of remove curse {unknown}
 o - a scroll of amnesia {unknown}
 p - a scroll of enchant armour {unknown}
 r - a scroll of identify {unknown}
Potions
 d - a potion of might
 k - 2 potions of curing {unknown}
Comestibles
 f - 4 rations
 g - 2 chunks of flesh


   Skills:
 - Level 3.6 Fighting
 * Level 3.6 Long Blades
 + Level 1.2 Throwing
 - Level 3.6 Armour
 - Level 3.6 Shields


You had one spell level left.
You didn't know any spells.

Dungeon Overview and Level Annotations

Branches:
Dungeon (2/15)

Altars:


Innate Abilities, Weirdness & Mutations

You reflexively headbutt those who attack you in melee.
You have a pair of horns on your head.


Message History

The leopard gecko bites you but does no damage.
The orc hits you from afar with a trident.
The orc hits you with a flail.
* * * LOW HITPOINT WARNING * * *
The leopard gecko bites you but does no damage.
Something hits you but does no damage.
It was a potion of cancellation.
Your magical effects are unravelling.
You feel magically purged.
You feel less confused. You block the orc's attack.
You block the leopard gecko's attack. Something hits you.
* * * LOW HITPOINT WARNING * * *
You completely miss something. The orc hits you with a flail.
* * * LOW HITPOINT WARNING * * *
You block the orc's attack. You block the leopard gecko's attack.
You hear some strange, mumbled words.
A puff of flame appears from out of thin air!
The puff of flame hits you!
You die...

..... ...
.....########...
...............
#...........###
+..............
#...........#
#......†.###########
...##.l.................
......{@................
#+#...o####.............
#..o. #.............
#.... #...........##
#.... ################
#.... ............####
....# ............'...
..... ............#.##
............#+##


You could see 2 orcs and a leopard gecko.

Vanquished Creatures
  An ooze (D:1)
  A leopard gecko (D:1)
  2 orcs (D:2)
  A goblin (D:2)
  4 hobgoblins
  A bat (D:2)
  2 frilled lizards (D:1)
  2 kobolds
  3 rats
17 creatures vanquished.

Notes
Turn   | Place    | Note
-------+----------+-------------------------------------------
     0 | D:1      | pkoi the Minotaur Fighter began the quest for the Orb.
     0 | D:1      | Reached XP level 1. HP: 19/19 MP: 0/0
   212 | D:1      | Reached XP level 2. HP: 26/26 MP: 1/1
   537 | D:1      | Reached skill level 1 in Throwing
   782 | D:2      | Killed from afar by an orc wizard

Vault maps used:
D:1:      denvon_arrival_planthouse
D:2:      gammafunk_temple_overflow_statue

Skill      XL: |  1  2 |
---------------+-------+-----
Long Blades    | 3 |  3.6
Throwing       | 1 |  1.2
Fighting       | |  3.6
Armour         | |  3.6
Shields        | |  3.6

Action                   || total
-------------------------++-------
Melee: Long sword        ||    44
       Headbutt          ||     5
  Use: Potion            ||     1
Armor: Scale mail        ||     3
       Chain mail        ||    31
Dodge: Dodged            ||    16
Block: Shield            ||    23
       Rpst.: Long sword ||     5

Table legend:
 A = Spawn XP
 B = Non-spawn XP
 C = Spawn XP percentage of total XP
 D = Spawn monster count
 E = Non-spawn monster count
 F = Spawn count percentage of total count
 G = Total turns spent on level
                    A         B        C        D         E        F      G
               +---------+---------+-------+---------+---------+-------+---------
         Total |       0 |      34 |   0.0 |       0 |      17 |   0.0 |   782
               +---------+---------+-------+---------+---------+-------+---------
           D:1 |       0 |      19 |   0.0 |       0 |       9 |   0.0 |   652
           D:2 |       0 |      15 |   0.0 |       0 |       8 |   0.0 |   130
               +---------+---------+-------+---------+---------+-------+---------
